 Dungeon Crawl Stone Soup version 0.27-a0-789-g6bb3289e1e (webtiles) character file.

Game seed: 11046953211455883137

989 durn the Caller (level 7, -7/33 HPs)
             Began as a Deep Elf Summoner on Mar 26, 2021.
             Was a Follower of Hepliaklqana.
             Killed from afar by a steam dragon (18 damage)
             ... with a ball of steam
             ... on level 6 of the Dungeon.
             The game lasted 00:38:20 (6259 turns).

durn the Caller (Deep Elf Summoner)                 Turns: 6259, Time: 00:38:20

Health: -7/33      AC:  4    Str:  5    XL:     7   Next: 98%
Magic:  11/20      EV: 13    Int: 22    God:    Hepliaklqana [*.....]
Gold:   323        SH:  0    Dex: 15    Spells: 8/21 levels left

rFire    . . .     SeeInvis .   j - +0 dagger (venom)
rCold    + . .     Faith    .   (no shield)
rNeg     . . .     Spirit   .   a - +0 robe
rPois    .         Reflect  .   t - +0 helmet
rElec    .         Harm     .   (no cloak)
rCorr    .         Rampage  .   f - +0 pair of gloves
Will     .....                  (no boots)
Stlth    +++.......             (no amulet)
HPRegen  0.11/turn              e - ring of protection from cold
MPRegen  0.17/turn              (no ring)

@: no status effects
A: reduced essence
a: Renounce Religion, Recall Ancestor, Ancestor Identity


You were on level 6 of the Dungeon.
You worshipped Hepliaklqana.
Hepliaklqana was aware of your devotion.
You visited 2 branches of the dungeon, and saw 7 of its levels.
You also visited: Sewer.

You collected 323 gold pieces.

Inventory:

Hand Weapons
 c - a +0 short sword
 j - a +0 dagger of venom (weapon)
 m - a +0 short sword of venom
Armour
 a - a +0 robe (worn)
 f - a +0 pair of gloves (worn)
 t - a +0 helmet (worn)
Magical Staves
 w - a staff of earth
Jewellery
 e - a ring of protection from cold (right hand)
Wands
 k - a wand of digging (2)
Scrolls
 b - 2 scrolls of magic mapping {unknown}
 d - 4 scrolls of teleportation {unknown}
 g - 2 scrolls of immolation {unknown}
 h - 2 scrolls of blinking {unknown}
 l - 6 scrolls of identify {unknown}
 n - a scroll of noise {unknown}
 o - a scroll of holy word {unknown}
 r - a scroll of amnesia {unknown}
 v - a scroll of vulnerability {unknown}
Potions
 i - a potion of mutation {unknown}
 p - a potion of curing
 q - a potion of heal wounds {unknown}
 s - a potion of cancellation {unknown}
 u - a potion of lignification


   Skills:
 - Level 0.3 Fighting
 + Level 2.1 Short Blades
 + Level 3.4 Dodging
 * Level 4.6 Stealth
 * Level 7.5 Spellcasting
 + Level 0.9 Conjurations
 * Level 7.7 Summonings
 + Level 0.4 Ice Magic


You had 8 spell levels left.
You knew the following spells:

 Your Spells              Type           Power      Damage    Failure   Level
a - Summon Small Mammal   Summ           100%       N/A       1%          1
b - Call Imp              Summ           42%        N/A       1%          2
c - Call Canine Familiar  Summ           42%        N/A       1%          3
d - Summon Ice Beast      Ice/Summ       26%        N/A       14%         4
e - Swiftness             Air            8%         N/A       12%         2
f - Shock                 Conj/Air       40%        1d5       6%          1

Your spell library contained the following spells:

 Spells                   Type           Power      Damage    Failure   Level
 Summon Guardian Golem    Hex/Summ       25%        N/A       4%          3
 Freeze                   Ice            40%        1d6       7%          1
 Animate Skeleton         Necr           16%        N/A       8%          1
 Apportation              Tloc           16%        N/A       8%          1
 Corona                   Hex            8%         N/A       8%          1
 Summon Lightning Spire   Summ/Air       25%        N/A       16%         4
 Static Discharge         Conj/Air       10%        N/A       19%         3
 Frozen Ramparts          Ice            20%        1d4       21%         3
 Ozocubu's Armour         Ice            10%        N/A       21%         3
 Hailstorm                Conj/Ice       11%        3d5       52%         4
 Airstrike                Air            4%         N/A       61%         4
 Lightning Bolt           Conj/Air       5%         1d17      87%         5


Dungeon Overview and Level Annotations

Branches:
Dungeon (6/15)             Temple (1/1) D:4           Sewer (visited)

Altars:
Ashenzari
Dithmenos
Elyvilon
Fedhas
Gozag
Hepliaklqana
Sif Muna
Trog
Xom
Yredelemnul

Shops:
D:1 (   D:4 :?


Message History

Something bites your ice beast but does no damage.
Something claws your ice beast.
The orc warrior hits your ice beast with a +0 trident!
Your ice beast barely misses the orc warrior.
Something bites your ice beast. Something claws your ice beast.
The orc warrior hits your ice beast with a +0 trident!
Your ice beast dies!
Something bites your ice beast. Something claws your ice beast.
The orc warrior barely misses your ice beast.
Your ice beast barely misses the orc warrior.
Something bites your ice beast.
Something closely misses your ice beast.
The orc warrior hits your ice beast with a +0 trident!
Your ice beast closely misses the orc warrior.
Something closely misses your ice beast.
Something barely misses your ice beast.
The orc warrior hits your ice beast with a +0 trident.
Your ice beast dies!
You enter the shallow water.
Moving in this stuff is going to be slow.
Casting: Summon Ice Beast (quite dangerous; 14% risk of failure)
Confirm with . or Enter, or press ? or * to list all spells.
The steam dragon misses your wolf. The steam dragon claws your wolf.
The steam dragon closely misses your wolf.
The steam dragon claws your wolf but does no damage.
Your wolf bites the steam dragon.
Your wolf bites the steam dragon!
The steam dragon breathes steam at you. The ball of steam hits your wolf!!
The ball of steam hits you!
Your wolf is engulfed in a cloud of scalding steam.
Your wolf dies!
Your wolf's corpse disappears in a puff of smoke!
You hear a shout!
The orc warrior is engulfed in a cloud of scalding steam.
The orc warrior hits you from afar with a +0 trident!
There is a stone staircase leading up here.
The steam dragon breathes steam at you. The ball of steam hits you!!
Ouch! That really hurt!
You die...

#..............##
#.................
##.........#..##..
##.)...#.D#### ..
#.....#.§###
##.##....§.# .# ##
##..#§o###.###
####.§.......
#....@.#..##.
#.......# .#
#......... .#
##.....##.....
#....## .....
#..... .... ##..##
.... ### ...


You could see an orc warrior.

Vanquished Creatures
  A jelly (D:5)
  An adder (Sewer)
  A river rat (Sewer)
  A worm (Sewer)
  2 dart slugs
  7 endoplasms
  3 giant cockroaches (D:3)
  4 goblins
  2 hobgoblins (D:2)
  3 jackals (D:2)
  5 quokkas
  4 ball pythons
  4 bats
  A frilled lizard (D:3)
  7 kobolds
  4 rats
50 creatures vanquished.

Vanquished Creatures (collateral kills)
  A hornet (D:5)
  Grinder (D:4)
  A sky beast (D:5)
  3 ogres
  The ghost of Drazool the Ducker, an amateur DsGl (D:3)
  A phantom (D:5)
  3 kobold brigands (Sewer)
  A howler monkey (D:5)
  A centaur zombie (D:5)
  A jelly (D:4)
  2 orc priests
  An iguana (D:5)
  A hound zombie (D:5)
  4 gnolls
  5 adders
  2 river rats (Sewer)
  A shadow imp (D:5)
  A white imp (D:5)
  6 worms
  A dart slug (D:3)
  5 orcs
  A bat (D:1)
  2 endoplasms
  A giant cockroach (D:3)
  2 goblins
  4 kobolds
  3 quokkas
  A ball python (Sewer)
  4 rats
61 creatures vanquished.

Vanquished Creatures (others)
  An ancestor (D:5)
1 creature vanquished.

Grand Total: 112 creatures vanquished

Notes
Turn   | Place    | Note
-------+----------+-------------------------------------------
     0 | D:1      | durn the Deep Elf Summoner began the quest for the Orb.
     0 | D:1      | Reached XP level 1. HP: 10/10 MP: 6/6
   113 | D:1      | Reached XP level 2. HP: 11/15 MP: 5/8
   243 | D:1      | Found Veitt's Weapon Boutique.
   531 | D:1      | Learned a level 2 spell: Call Imp
   751 | D:2      | Reached skill level 5 in Summonings
   751 | D:2      | Reached XP level 3. HP: 4/19 MP: 6/9
  1172 | D:2      | Learned a level 3 spell: Call Canine Familiar
  2323 | D:3      | Reached skill level 1 in Short Blades
  2373 | D:3      | Found a glowing drain.
  2409 | Sewer    | Entered a sewer
  2476 | Sewer    | Reached XP level 4. HP: 17/24 MP: 10/10
  2555 | Sewer    | HP: 1/24 [river rat (7)]
  3440 | Sewer    | Noticed a kobold brigand
  3472 | Sewer    | Killed a kobold brigand
  3473 | Sewer    | Reached XP level 5. HP: 10/28 MP: 3/13
  3480 | Sewer    | Learned a level 4 spell: Summon Ice Beast
  4580 | D:3      | Found a runed translucent door.
  4580 | D:3      | Noticed Drazool's ghost (amateur DsGl)
  4602 | D:3      | Killed Drazool's ghost
  4603 | D:3      | Reached XP level 6. HP: 17/33 MP: 9/15
  4768 | D:4      | Found a staircase to the Ecumenical Temple.
  4768 | D:4      | Noticed Grinder
  4865 | D:4      | Found Haquthrew's Book Emporium.
  4878 | D:4      | Found a bloodstained altar of Trog.
  4881 | D:4      | Found a shadowy altar of Dithmenos.
  5039 | Temple   | Entered the Ecumenical Temple
  5055 | Temple   | Became a worshipper of Hepliaklqana the Forgotten
  5175 | D:4      | Found Qetwe's Magic Scroll Shop.
  5250 | D:4      | Killed Grinder
  5251 | D:4      | Reached skill level 5 in Spellcasting
  5340 | D:4      | Learned a level 2 spell: Swiftness
  5342 | D:4      | Learned a level 1 spell: Shock
  5345 | D:5      | Entered Level 5 of the Dungeon
  5389 | D:5      | Reached XP level 7. HP: 33/33 MP: 6/17
  5595 | D:5      | Found an opulent altar of Gozag.
  5718 | D:5      | Reached * piety under Hepliaklqana
  5925 | D:5      | Noticed a hornet
  5934 | D:5      | Killed a hornet
  6182 | D:6      | Found a blossoming altar of Fedhas.
  6235 | D:6      | Noticed a steam dragon
  6259 | D:6      | Killed from afar by a steam dragon

Illustrated notes

Levels and vault maps discovered:
D:1:      giann_wishing_wells, layout_basic, serial_shops,
          nicolae_shop_window_shopping, st_stairs_13
D:2:      layout_basic, minitemple
D:3:      layout_rooms, gammafunk_ghost_grave, gup_sewer_entry_pipe
D:4:      layout_cave_pools, chequers_temple_overflow_statue_of_worship,
          minmay_temple_entry_mist, serial_shops, shop_fountains,
          nicolae_shop_crystal, due_unseen_surprise, uniq_grinder
D:5:      layout_gridville, grunt_gozag_breadcrumbs
D:6:      layout_cave_pools, serial_park, serial_park_square3
          [serial_park_minivault_5x5_2], serial_park_tiny_pond,
          serial_park_gazebo [serial_park_minivault_5x5_4],
          fedhas_ov_isle_minmay
Temple:   hc_temple_tempest_star

Skill      XL: |  1  2  3  4  5  6  7 |
---------------+----------------------+-----
Summonings     | 5 6 7 |  7.7
Dodging        | 3 |  3.4
Short Blades   | 1 2 |  2.1
Stealth        | 3 4 |  4.6
Spellcasting   | 4 5 7 |  7.5
Fighting       | |  0.3
Conjurations   | |  0.9
Ice Magic      | |  0.4

Action                   |  1- 3 |  4- 6 |  7- 9 || total
-------------------------+-------+-------+-------++-------
Melee: Unarmed           |     4 |       |       ||     4
       Short sword       |   111 |       |       ||   111
       Dagger            |    47 |    56 |    22 ||   125
 Cast: Summon Small Mamm |     8 |       |       ||     8
       Call Imp          |     3 |    30 |       ||    33
       Call Canine Famil |     3 |    23 |     7 ||    33
       Shock             |       |     2 |     1 ||     3
       Summon Ice Beast  |       |     1 |     8 ||     9
Evoke: Wand              |       |     1 |       ||     1
  Use: Potion            |       |     4 |       ||     4
 Stab: Sleeping          |     6 |     3 |     2 ||    11
       Distracted        |       |     1 |       ||     1
Armor: Robe              |    36 |    11 |     7 ||    54
Dodge: Dodged            |   129 |    57 |    14 ||   200

Table legend: (Time is in decaauts)
 A = Elapsed time spent in this place.
 B = Non-inter-level travel time spent in this place.
 C = Inter-level travel time spent in this place.
 D = Time resting spent in this place.
 E = Time spent auto-exploring this place.
 F = Levels seen in this place.
 G = Mean time per level.
                   A        B        C        D        E       F      G
               +--------+--------+--------+--------+--------+-----+--------+
         Total |   6513 |   4024 |   2489 |   1756 |      0 |   8 |  814.1 |
       Dungeon |   4390 |   1931 |   2459 |    747 |      0 |   6 |  731.7 |
        Temple |     32 |      2 |     30 |      0 |      0 |   1 |   32.0 |
         Sewer |   2090 |   2090 |      0 |   1009 |      0 |   1 | 2090.0 |
               +--------+--------+--------+--------+--------+-----+--------+

Top non-repeatable levels by time:
   Sewer: 2090 daAuts
     D:2: 1510 daAuts
     D:5: 822 daAuts
     D:3: 739 daAuts
     D:1: 677 daAuts
     D:4: 546 daAuts
     D:6: 94 daAuts
  Temple: 32 daAuts
